 Dungeon Crawl Stone Soup version 0.28.0-53-g5a82cb258f (webtiles) character file.

Game seed: 12691257853148743202

68 bnorton916 the Firebug (level 4, 0/24 HPs)
             Began as a Deep Elf Fire Elementalist on May 26, 2022.
             Succumbed to a water moccasin's poison
             ... on level 3 of the Dungeon.
             The game lasted 00:03:02 (2776 turns).

bnorton916 the Firebug (Deep Elf Fire Elementalist) Turns: 2776, Time: 00:03:03

Health: 0/24       AC:  3    Str:  5    XL:     4   Next: 1%
Magic:  1/12       EV: 12    Int: 22    God:
Gold:   68         SH:  0    Dex: 15    Spells: 10/11 levels left

rFire   . . .      SeeInvis .   k - +4 short sword (elec)
rCold   . . .      Faith    .   (no shield)
rNeg    . . .      Spirit   .   a - +0 robe
rPois   .          Reflect  .   (no helmet)
rElec   .          Harm     .   i - +0 cloak
rCorr   .          Rampage  .   (no gloves)
Will    .....                   (no boots)
Stlth   ++........              (no amulet)
HPRegen 0.08/turn               (no ring)
MPRegen 0.13/turn               (no ring)

@: lethally poisoned (0 -> -7)
A: no striking features
a: no special abilities


You were on level 3 of the Dungeon.
You visited 1 branch of the dungeon, and saw 3 of its levels.

You collected 68 gold pieces.

Inventory:

Hand Weapons
 k - a +4 short sword of electrocution (weapon)
Missiles
 n - 64 stones
 o - 2 poisoned darts
Armour
 a - a +0 robe (worn)
 i - a +0 cloak (worn)
Scrolls
 b - a scroll of enchant weapon {unknown}
 d - 2 scrolls of vulnerability {unknown}
 f - 2 scrolls of identify {unknown}
 g - a scroll of magic mapping {unknown}
 l - a scroll of immolation {unknown}
Potions
 c - a potion of mutation {unknown}
 e - a potion of attraction {unknown}
 h - a potion of heal wounds {unknown}
 j - a potion of degeneration {unknown}
 m - a potion of invisibility {unknown}


   Skills:
 - Level 2.4 Dodging
 - Level 2.4 Stealth
 + Level 4.1 Spellcasting
 + Level 2.5 Conjurations
 + Level 4.1 Fire Magic


You had 10 spell levels left.
You knew the following spells:

 Your Spells              Type           Power      Damage    Failure   Level
a - Foxfire               Conj/Fire      76%        2x1d7     2%          1

Your spell library contained the following spells:

 Spells                   Type           Power      Damage    Failure   Level
 Scorch                   Fire           44%        2d7       3%          2
 Conjure Flame            Conj/Fire      19%        6-21      9%          3
 Inner Flame              Hex/Fire       13%        N/A       14%         3
 Flame Wave               Conj/Fire      19%        2d6       28%         4


Dungeon Overview and Level Annotations

Branches:
Dungeon (3/15)

Altars:

Annotations:
D:3 Terence


Message History

You kill the orc!
The foxfire hits the orc.
The orc is heavily wounded.
You have reached level 4!
You feel clever. The water moccasin barely misses you.
The water moccasin bites you but does no damage.
Casting: Foxfire (safe; 2% risk of failure)
Confirm with . or Enter, or press ? or * to list all spells.
You conjure some foxfire!
The water moccasin misses you.
The foxfire hits the water moccasin.
The water moccasin is lightly wounded.
The foxfire hits the water moccasin but does no damage.
The water moccasin is lightly wounded.
The water moccasin bites you but does no damage. x2
Casting: Foxfire (safe; 2% risk of failure)
Confirm with . or Enter, or press ? or * to list all spells.
You conjure some foxfire!
The water moccasin bites you.
The foxfire hits the water moccasin.
The water moccasin is moderately wounded.
The foxfire hits the water moccasin.
The water moccasin is heavily wounded.
The water moccasin barely misses you. The water moccasin bites you.
Unknown command.
Casting: Foxfire (safe; 2% risk of failure)
Confirm with . or Enter, or press ? or * to list all spells.
You conjure some foxfire!
The water moccasin barely misses you.
The foxfire hits the water moccasin but does no damage.
The water moccasin is heavily wounded.
The foxfire hits the water moccasin.
The water moccasin is heavily wounded.
The water moccasin bites you.
You are poisoned.
The water moccasin poisons you!
Casting: Foxfire (safe; 2% risk of failure)
Confirm with . or Enter, or press ? or * to list all spells.
You conjure some foxfire!
You feel sick. The water moccasin misses you. The water moccasin bites you.
* * * LOW HITPOINT WARNING * * *
You die...

#.##...##
#.#....[#
#........# .
#........# ##
#..#...#.
#..##.## #..#
## ######v#
#..ooS@#####.#
##.####v......#
#o..# #########
#..")#...#
####...#.#
##.##(# .# # .#
..


You could see a water moccasin (ally target) and 2 orcs.

Vanquished Creatures
  An adder (D:2)
  A worm (D:3)
  3 dart slugs
  2 orcs (D:3)
  A ball python (D:2)
  2 endoplasms
  2 giant cockroaches
  5 goblins
  3 hobgoblins
  6 jackals
  4 bats
  3 frilled lizards (D:1)
  6 kobolds
  7 rats
46 creatures vanquished.

Vanquished Creatures (others)
  212 foxfires
212 creatures vanquished.

Grand Total: 258 creatures vanquished

Notes
Turn   | Place    | Note
-------+----------+-------------------------------------------
     0 | D:1      | bnorton916 the Deep Elf Fire Elementalist began the quest
                  | for the Orb.
     0 | D:1      | Reached XP level 1. HP: 10/10 MP: 6/6
   444 | D:1      | Reached XP level 2. HP: 15/15 MP: 5/8
   870 | D:1      | Found a faded altar of an unknown god.
  1468 | D:2      | Reached XP level 3. HP: 19/19 MP: 7/10
  2655 | D:3      | Noticed Terence
  2761 | D:3      | Noticed a water moccasin
  2763 | D:3      | Reached XP level 4. HP: 24/24 MP: 4/12
  2776 | D:3      | Succumbed to a water moccasin's poison

Illustrated notes

Levels and vault maps discovered:
D:1:      amcnicky_arrival_single_pillar, layout_loops_cross,
          hellmonk_ecumenical_altar_dog_temple
D:2:      layout_basic, serial_corexii_hall, chequers_hall_statues_wall_a,
          corexii_hall_statues_i, chequers_hall_statues_corner_a,
          kennysheep_generic_room_7
D:3:      cheibrodos_old_hovel, layout_loops_ring, kennysheep_generic_room_13,
          uniq_terence, uniq_robin

Skill      XL: |  1  2  3 |
---------------+----------+-----
Conjurations   | 2 |  2.5
Spellcasting   | 4 |  4.1
Fire Magic     | 4 |  4.1
Dodging        | |  2.4
Stealth        | |  2.4

Action                   |  1- 3 |  4- 6 || total
-------------------------+-------+-------++-------
Melee: Short sword       |     5 |       ||     5
 Cast: Foxfire           |   128 |     4 ||   132
Armor: Robe              |     8 |     3 ||    11
Dodge: Dodged            |    16 |     5 ||    21
